 Dungeon Crawl Stone Soup version 0.27-a0-869-g165b36e3f0 (webtiles) character file.

Game seed: 12100899717895333296

1465 jestyr24 the Protected (level 8, -1/74 HPs)
             Began as a Minotaur Fighter on Apr 3, 2021.
             Was a Priest of Jiyva.
             Slain by Duvessa
             ... wielding a +1 short sword of flaming
              (9 damage)
             ... on level 6 of the Dungeon.
             The game lasted 00:12:05 (6294 turns).

jestyr24 the Protected (Minotaur Fighter)           Turns: 6294, Time: 00:12:06

Health: -1/74      AC:  9    Str: 22    XL:     8   Next: 48%
Magic:  7/7        EV: 13    Int:  7    God:    Jiyva [***...]
Gold:   186        SH: 10    Dex:  9    Spells: 7/7 levels left

rFire    . . .     SeeInvis .   a - +0 long sword
rCold    . . .     Faith    .   c - +0 kite shield
rNeg     . . .     Spirit   .   b - +0 scale mail
rPois    .         Reflect  .   (helmet restricted)
rElec    .         Harm     .   (no cloak)
rCorr    +         Rampage  .   (no gloves)
Will     .....                  m - +0 pair of boots
Stlth    ..........             (no amulet)
HPRegen  0.22/turn              o - +4 ring of evasion
MPRegen  0.10/turn              (no ring)

@: no status effects
A: horns 2, retaliatory headbutt
a: Renounce Religion, Request Jelly


You were on level 6 of the Dungeon.
You worshipped Jiyva.
Jiyva was most pleased with you.
You visited 1 branch of the dungeon, and saw 6 of its levels.

You collected 186 gold pieces.

Inventory:

Hand Weapons
 a - a +0 long sword (weapon)
Missiles
 f - 11 boomerangs
 p - 6 poisoned darts
Armour
 b - a +0 scale mail (worn)
 c - a +0 kite shield (worn)
 m - a +0 pair of boots (worn)
Jewellery
 o - a +4 ring of evasion (left hand)
Wands
 l - a wand of iceblast (8) (quivered)
 s - a wand of acid (12)
Scrolls
 g - 2 scrolls of identify {unknown}
 h - a scroll of holy word {unknown}
 i - a scroll of noise {unknown}
 j - 2 scrolls of teleportation {unknown}
 k - 2 scrolls of immolation {unknown}
 t - a scroll of fear {unknown}
Potions
 d - 2 potions of might
 e - 2 potions of curing {unknown}
 n - 2 potions of flight {unknown}
 q - 3 potions of resistance {unknown}
 r - a potion of magic {unknown}


   Skills:
 * Level 7.7 Fighting
 - Level 2.4 Long Blades
 + Level 8.4 Armour
 + Level 3.1 Dodging
 + Level 7.4 Shields


You had 7 spell levels left.
You didn't know any spells.
Your spell library contained the following spells:

 Spells                   Type           Power      Damage    Failure   Level
 Corona                   Hex            0%         N/A       96%         1
 Ensorcelled Hibernation  Hex/Ice        0%         N/A       99%         2
 Confusing Touch          Hex            0%         N/A       100%        3
 Dazzling Flash           Conj/Hex       0%         N/A       100%        3
 Tukima's Dance           Hex            0%         N/A       100%        3


Dungeon Overview and Level Annotations

Branches:
Dungeon (6/15)             Temple (0/1) D:4

Altars:
Ashenzari
Dithmenos
Elyvilon
Nemelex Xobeh
Okawaru
Qazlal
Ru
Vehumet
Xom
The Shining One
Jiyva

Shops:
D:2 *

Annotations:
D:6 Duvessa


Innate Abilities, Weirdness & Mutations

You have a pair of horns on your head.
You reflexively headbutt those who attack you in melee.


Message History

Duvessa, Sister of Dowan comes into view.
She is wielding a +1 short sword of flaming.
Duvessa shouts!
Duvessa goes berserk!
You barely miss Duvessa.
Duvessa is lightly wounded.
You block Duvessa's attack.
Duvessa hits you with a +1 short sword of flaming.
Duvessa burns you.
You barely miss Duvessa.
Duvessa is lightly wounded.
You block Duvessa's attack.
Duvessa hits you with a +1 short sword of flaming.
Duvessa burns you.
You hit Duvessa but do no damage.
Duvessa is lightly wounded.
Duvessa hits you with a +1 short sword of flaming.
Duvessa burns you. You block Duvessa's attack.
You hit Duvessa.
Duvessa is moderately wounded.
Duvessa hits you with a +1 short sword of flaming.
Duvessa burns you. Duvessa hits you but does no damage.
You hit Duvessa but do no damage. You headbutt Duvessa.
Duvessa is moderately wounded.
Duvessa barely misses you. You furiously retaliate!
You headbutt Duvessa! You block Duvessa's attack.
You closely miss Duvessa.
Duvessa is heavily wounded.
Duvessa hits you with a +1 short sword of flaming.
Duvessa burns you.
Duvessa hits you with a +1 short sword of flaming!
Duvessa burns you.
You hit Duvessa. Your headbutt misses Duvessa.
Duvessa is heavily wounded.
Duvessa closely misses you. You block Duvessa's attack.
You slash Duvessa! You headbutt Duvessa, but do no damage.
Duvessa is severely wounded.
Duvessa hits you with a +1 short sword of flaming!!
* * * LOW HITPOINT WARNING * * *
Duvessa burns you!
You die...

#... ..........#......# .....
#...####.......#......#
#......#..............##.....####
..#.##.................'.....'...
.... #....<.......#.##(....####
..####>......................#
....................#.####+###
..#################.#.# .......
......e@.#.#.# ######
########.#.#.#
.....############.#.#.# #
####..............#
#######'########### ..#####.#####
###.........## ####+###
##..#######..### #.......
_..###_._###.._# #.......


You could see Duvessa (berserk).

Vanquished Creatures
  4 yaks
  A necrophage (D:4)
  A phantom (D:5)
  A kobold brigand (D:6)
  3 scorpions
  A water moccasin skeleton (D:4)
  A howler monkey (D:5)
  A centaur zombie (D:5)
  A hound (D:5)
  An orc priest (D:6)
  A centaur skeleton (D:4)
  4 iguanas
  A scorpion zombie (D:5)
  2 killer bee zombies (D:5)
  7 adders
  2 shadow imps (D:6)
  An adder skeleton (D:4)
  A dart slug (D:2)
  10 orcs
  A ball python (D:1)
  5 bats
  2 endoplasms (D:1)
  3 giant cockroaches
  7 goblins
  5 hobgoblins
  7 jackals (D:1)
  7 kobolds
  5 quokkas
  6 frilled lizards
  3 rats
95 creatures vanquished.

Vanquished Creatures (others)
  Sigmund (D:6)
  A yak (D:5)
  A water moccasin (D:6)
  A sky beast (D:6)
  A necrophage (D:5)
  A centaur (D:5)
  A bullfrog (D:6)
  A scorpion (D:6)
  Dowan (D:6)
  8 jellies
  A bullfrog skeleton (D:6)
  A howler monkey skeleton (D:6)
  3 adders (D:6)
  An ufetubus (D:6)
  2 orcs
  A goblin (D:3)
  A frilled lizard (D:3)
  A kobold (D:3)
  A rat (D:3)
29 creatures vanquished.

Grand Total: 124 creatures vanquished

Notes
Turn   | Place    | Note
-------+----------+-------------------------------------------
     0 | D:1      | jestyr24 the Minotaur Fighter began the quest for the Orb.
     0 | D:1      | Reached XP level 1. HP: 19/19 MP: 0/0
   282 | D:1      | Reached XP level 2. HP: 26/27 MP: 1/1
   462 | D:1      | Reached skill level 4 in Armour
  1048 | D:1      | Reached XP level 3. HP: 33/33 MP: 2/2
  1319 | D:2      | Found a faded altar of an unknown god.
  1324 | D:2      | Became a worshipper of Jiyva Jelyfam the Shapeless
  1324 | D:2      | Reached * piety under Jiyva
  1490 | D:2      | Found Xyafetokk's Assorted Antiques.
  2160 | D:3      | Reached XP level 4. HP: 41/41 MP: 3/3
  2401 | D:3      | Reached ** piety under Jiyva
  2756 | D:4      | Found a shadowy altar of Dithmenos.
  2958 | D:5      | Entered Level 5 of the Dungeon
  2969 | D:5      | Reached skill level 5 in Armour
  2969 | D:5      | Reached skill level 1 in Dodging
  2969 | D:5      | Reached XP level 5. HP: 47/47 MP: 4/4
  2986 | D:5      | Reached skill level 5 in Shields
  3231 | D:5      | Reached skill level 5 in Fighting
  3303 | D:5      | Noticed a phantom
  3317 | D:5      | Killed a phantom
  3318 | D:5      | Reached XP level 6. HP: 40/56 MP: 5/5
  3454 | D:5      | Noticed a yak
  3454 | D:5      | Noticed a yak
  3455 | D:5      | Noticed a yak
  3455 | D:5      | Noticed a yak
  3456 | D:5      | Noticed a yak
  3480 | D:4      | Killed a yak
  3481 | D:4      | Reached skill level 6 in Armour
  3724 | D:4      | Found a staircase to the Ecumenical Temple.
  3739 | D:4      | Reached XP level 7. HP: 55/62 MP: 6/6
  4655 | D:4      | Reached skill level 7 in Armour
  4919 | D:4      | Killed a yak
  4930 | D:5      | Killed a yak
  4931 | D:5      | Reached XP level 8. HP: 39/73 MP: 7/7
  4935 | D:5      | Reached skill level 8 in Armour
  5422 | D:5      | Found a shimmering blue altar of Sif Muna.
  5424 | D:5      | Found a shimmering altar of Xom.
  5424 | D:5      | Found a broken altar of Ashenzari.
  5426 | D:5      | Found a radiant altar of Vehumet.
  5426 | D:5      | Found a white marble altar of Elyvilon.
  5426 | D:5      | Found a sparkling altar of Nemelex Xobeh.
  5758 | D:6      | Reached *** piety under Jiyva
  5844 | D:6      | Killed Sigmund
  6180 | D:6      | Killed Dowan
  6247 | D:6      | Found a sacrificial altar of Ru.
  6247 | D:6      | Found a stormy altar of Qazlal.
  6255 | D:6      | Found an iron altar of Okawaru.
  6257 | D:6      | Found a glowing golden altar of the Shining One.
  6259 | D:6      | Found a faded altar of an unknown god.
  6285 | D:6      | Noticed Duvessa
  6294 | D:6      | Slain by Duvessa

Illustrated notes

Levels and vault maps discovered:
D:1:      nzn_arrival_depleted_hourglass, layout_loops_ring
D:2:      layout_basic, serial_shops, nicolae_shop_statue_plus,
          basic_ecumenical_altar
D:3:      layout_loops_ring, minmay_misc_feat_x, kennysheep_generic_room_14
D:4:      layout_basic, nicolae_dithmenos_through_a_glass_darkly,
          minmay_temple_entry_tees, amcnicky_mini_rare_corridor_liquid,
          kennysheep_small_circle
D:5:      layout_loops_ring, doesnt_xom_only_xom, minmay_misc_feat_doors
D:6:      layout_basic, chequers_temple_overflow_minitemple, interstate_on_off,
          minmay_divided_ellipse, uniq_duvessa, uniq_sigmund

Skill      XL: |  1  2  3  4  5  6  7  8 |
---------------+-------------------------+-----
Shields        | 4 5 6 7 |  7.4
Fighting       | 4 5 7 |  7.7
Armour         | 4 5 6 7 8 |  8.4
Dodging        | 1 2 3 |  3.1
Long Blades    | |  2.4

Action                   |  1- 3 |  4- 6 |  7- 9 || total
-------------------------+-------+-------+-------++-------
Melee: Long sword        |   130 |    66 |   125 ||   321
       Headbutt          |    14 |    12 |    32 ||    58
Throw: Boomerang         |     2 |       |       ||     2
Armor: Scale mail        |    65 |    19 |    28 ||   112
Dodge: Dodged            |    41 |    41 |    64 ||   146
Block: Kite shield       |    79 |    47 |    94 ||   220
       Rpst.: Long sword |    15 |    16 |    16 ||    47

Table legend: (Time is in decaauts)
 A = Elapsed time spent in this place.
 B = Non-inter-level travel time spent in this place.
 C = Inter-level travel time spent in this place.
 D = Time resting spent in this place.
 E = Time spent auto-exploring this place.
 F = Levels seen in this place.
 G = Mean time per level.
                   A        B        C        D        E       F      G
               +--------+--------+--------+--------+--------+-----+--------+
         Total |   6446 |   6247 |    199 |    913 |   4293 |   6 | 1074.3 |
       Dungeon |   6446 |   6247 |    199 |    913 |   4293 |   6 | 1074.3 |
               +--------+--------+--------+--------+--------+-----+--------+

Top non-repeatable levels by time:
     D:4: 1686 daAuts
     D:1: 1323 daAuts
     D:5: 1183 daAuts
     D:3: 939 daAuts
     D:6: 757 daAuts
     D:2: 555 daAuts
